 Dungeon Crawl Stone Soup version 0.18.1-50-g88ac8fd (webtiles) character file.

63 Amnesiac the Cutter (level 4, 0/21 HPs)
             Began as a Vine Stalker Artificer on July 6, 2018.
             Succumbed to an adder's poison
             ... on level 3 of the Dungeon.
             The game lasted 00:01:46 (1529 turns).

Amnesiac the Cutter (Vine Stalker Artificer)        Turns: 1529, Time: 00:01:47

Health: 0/21       AC:  4    Str: 15    XL:     4   Next: 9%
Magic:  0/7        EV: 12    Int: 10    God:
Gold:   98         SH:  0    Dex: 14    Spells: 0 memorised, 3 levels left

rFire  + . .     SeeInvis .     a - +0 short sword
rCold  . . .     Gourm    .     b - +0 leather armour
rNeg   . . .     Faith    .     (no shield)
rPois  .         Spirit   +     (no helmet)
rElec  .         Dismiss  .     g - +0 cloak
rCorr  .         Reflect  .     (no gloves)
SustAt .         Harm     .     (no boots)
MR     .....                    (no amulet)
Stlth  ++........               (no ring)
                                (no ring)

@: lethally poisoned (0 -> -1), not resistant to hostile enchantments,
unstealthy
A: fangs 2, dopey 1, fire resistance 1, sense surroundings 1, regeneration 1,
magic shield, antimagic bite, no device heal 3, rot immunity
a: no special abilities


You were on level 3 of the Dungeon.
You were not hungry.

You visited 1 branch of the dungeon, and saw 3 of its levels.

You collected 98 gold pieces.

Inventory:

Hand Weapons
 a - a +0 short sword (weapon)
Missiles
 h - 7 stones (quivered)
Armour
 b - a +0 leather armour (worn)
 g - a +0 cloak (worn)
Wands
 c - a wand of flame (15/48)
 d - a wand of enslavement (15/24)
 e - a wand of random effects (15/48)
Scrolls
 i - 4 scrolls of identify {!r, unknown}
 j - 2 scrolls of teleportation {!r, unknown}
 l - a scroll of remove curse {!r, unknown}
Potions
 m - a potion of flight {!q, unknown}
Comestibles
 f - 3 bread rations
 n - a chunk of flesh


   Skills:
 - Level 0.8 Fighting
 + Level 3.4 Short Blades
 - Level 1.5 Dodging
 - Level 1.2 Stealth
 - Level 2.6 Evocations


You had 3 spell levels left.
You didn't know any spells.

Dungeon Overview and Level Annotations

Branches:
Dungeon (3/15)

Altars:
Cheibriados

Annotations:
D:1 scroll


Innate Abilities, Weirdness & Mutations

You have extremely sharp teeth.
Your natural rate of healing is unusually fast.
When hurt, damage is shared between your health and your magic reserves.
Your bite disrupts and absorbs the magic of your enemies.
Potions and wands cannot restore your health.
You are immune to rotting.
You are dopey. (Int -2)
Your flesh is heat resistant.
You passively map a small area around you.


Message History

The giant gecko closely misses you.
There are monsters nearby!
You hit the adder. You bite the adder, but do no damage.
The adder is heavily wounded.
The adder closely misses you. The giant gecko bites you. The adder bites you.
* * * LOW HITPOINT WARNING * * *
There are monsters nearby!
You hit the adder but do no damage.
The adder is heavily wounded.
The adder bites you but does no damage. The giant gecko barely misses you.
There are monsters nearby!
You closely miss the adder.
The adder is heavily wounded.
The adder bites you.
* * * LOW HITPOINT WARNING * * *
The giant gecko bites you but does no damage.
There are monsters nearby!
You closely miss the adder.
The adder is moderately wounded.
The adder closely misses you. The adder barely misses you.
You closely miss the adder. You bite the adder, but do no damage.
The adder is moderately wounded.
The adder bites you.
* * * LOW HITPOINT WARNING * * *
You are poisoned.
The adder poisons you!
You miss the adder.
The adder is moderately wounded.
You feel sick. The adder barely misses you.
You are too injured to fight recklessly!
You hit the adder.
The adder is almost dead.
The adder barely misses you.
You are too injured to fight recklessly!
You are too injured to fight recklessly!
You barely miss the adder.
The adder is almost dead.
You feel sick. The adder bites you but does no damage. The adder bites you.
* * * LOW HITPOINT WARNING * * *
You are lethally poisoned!
The adder poisons you!
You are too injured to fight recklessly!
You hit the adder.
You kill the adder!
You have reached level 4!
You feel stronger.
The giant gecko hisses menacingly.
You miss the giant gecko.
* * * LOW HITPOINT WARNING * * *
You feel sick. The giant gecko bites you.
You are too injured to fight recklessly!
Drink which item? (? for menu, Esc to quit)
Okay, then.
Drink which item? (? for menu, Esc to quit)
You can't drink that!
Unknown command.
Unknown command.
Drink which item? (? for menu, Esc to quit)
Really quaff
k - a lumpy purple potion {!q}?
It was a potion of mutation {!q}.
You feel extremely strange.
You feel resistant to heat.
You feel a strange attunement to the structure of the dungeons.
You feel stupid.
You die...

#.##....# * #.####.##, ,#
####.# #.# ,, .#
.....####.## , , *#.# *
...........# ,,,##..
....##..#.## ##.# # ,
....##..#.######..#.# *
....##..#.#.......#.#####
,
................@.......+
...#......#.#.###l#.####
, #...<#......#.# #†#.#
**
............#.#........#
,,
.#...##.###.#.#....###.#
* <....##+# #.#.#..... ,
####.# , ..#.#...... , .#
....###..... , * # ,...
....... ,


You could see a giant gecko.

Vanquished Creatures
  2 adders
  A giant gecko (D:1)
  A giant cockroach (D:1)
  8 goblins
  6 hobgoblins
  4 jackals (D:2)
  5 bats
  A giant newt (D:2)
  9 kobolds
  4 rats
41 creatures vanquished.

Notes
Turn   | Place    | Note
--------------------------------------------------------------
     0 | D:1      | Amnesiac the Vine Stalker Artificer began the quest for the Orb.
     0 | D:1      | Reached XP level 1. HP: 9/9 MP: 3/3
    31 | D:1      | Reached skill level 1 in Short Blades
    96 | D:1      | Reached XP level 2. HP: 14/14 MP: 5/5
   277 | D:1      | Reached skill level 2 in Short Blades
   593 | D:1      | Reached XP level 3. HP: 17/17 MP: 6/6
  1085 | D:2      | Found a snail-covered altar of Cheibriados.
  1137 | D:2      | Reached skill level 3 in Short Blades
  1526 | D:3      | Reached XP level 4. HP: 1/21 MP: 2/7
  1527 | D:3      | HP: 1/21 [poisoned by an adder]
  1529 | D:3      | Gained mutation: Your flesh is heat resistant. [potion of mutation]
  1529 | D:3      | Gained mutation: You passively map a small area around you. [potion of mutation]
  1529 | D:3      | Gained mutation: You are dopey. (Int -2) [potion of mutation]
  1529 | D:3      | Succumbed to an adder's poison

Skill      XL: |  1  2  3 |
---------------+----------+-----
Short Blades   | 1 2 3 |  3.4
Fighting       | |  0.8
Dodging        | |  1.5
Stealth        | |  1.2
Evocations     | |  2.6

Action                   |  1- 3 |  4- 6 || total
-------------------------+-------+-------++-------
Melee: Short sword       |   142 |     1 ||   143
       Bite              |    22 |       ||    22
  Use: Potion            |       |     1 ||     1
 Stab: Sleeping          |     2 |       ||     2
  Eat: Chunk             |     2 |       ||     2
Armor: Leather armour    |    45 |       ||    45
Dodge: Dodged            |    98 |       ||    98
